AoeStats
← Kiritastrich

Arabia

518924579Analyzed
1v1 RM · 7h ago on Nov 5, 2026· 29m 19s· 2 players
Game mode
Random Map
Map size
Tiny (2 player)
Population
200
Speed
Normal
Resources
Standard
Victory
Conquest
Starting age
Dark Age
Ending age
Imperial Age
RankedLock teamsTeams togetherTeam positionsShared explorationLock speedFull tech treeHidden civsTurbo modeCheats
Victory
Defeat
🇹🇷 Spanish · Türkiye
2242
+9
vs
🇷🇺 Persians · Russia
2069
-9
Hackali
6:38 Loom
9:09 Feudal Age
9:44 Double-Bit Axe
18:09 Castle Age
17:30 Bloodlines
17:27 Padded Archer Armor
18:23 Horse Collar
29:44 Scale Barding Armor
30:22 Wheelbarrow
Kiritastrich
9:05 Loom
12:06 Feudal Age
16:07 Castle Age
14:15 Double-Bit Axe
26:19 Fletching
27:29 Elite Skirmisher
28:42 Bodkin Arrow
Connection lost

Rejoining the realm…

Still unreachable

The connection could not be restored.

Session expired

The server has moved on; the page needs a fresh start.